 Dungeon Crawl Stone Soup version 0.27-a0-1140-g099f9bb0e8 (webtiles) character file.

Game seed: 14549372312205270994

774 Zeld the Skirmisher (level 7, -4/51 HPs)
             Began as an Octopode Fighter on May 9, 2021.
             Killed from afar by Blork the orc (5 damage)
             ... with a puff of flame
             ... on level 5 of the Dungeon.
             The game lasted 00:06:18 (7074 turns).

Zeld the Skirmisher (Octopode Fighter)              Turns: 7074, Time: 00:06:18

Health: -4/51      AC:  1    Str: 17    XL:     7   Next: 84%
Magic:  7/7        EV: 11    Int: 11    God:
Gold:   284        SH:  9    Dex: 11    Spells: 6/6 levels left

rFire    + . .     SeeInvis .   a - +0 war axe
rCold    . . .     Faith    .   b - +0 kite shield
rNeg     . . .     Spirit   .   (helmet restricted)
rPois    .         Reflect  .   (no amulet)
rElec    .         Harm     .   k - ring of protection from fire
rCorr    .         Rampage  .   (no ring)
Will     .....                  (no ring)
Stlth    ++........             (no ring)
HPRegen  0.17/turn              (no ring)
MPRegen  0.10/turn              (no ring)
                                (no ring)
                                (no ring)

@: no status effects
A: almost no armour, amphibious, 8 rings, camouflage 1, gelatinous body 1,
(nimble swimmer 1), tentacles
a: no special abilities


You were on level 5 of the Dungeon.
You visited 1 branch of the dungeon, and saw 5 of its levels.

You collected 284 gold pieces.

Inventory:

Hand Weapons
 a - a +0 war axe (weapon)
Armour
 b - a +0 kite shield (worn)
Jewellery
 k - a ring of protection from fire (left tentacle)
Wands
 c - a wand of flame (14)
 l - a wand of paralysis (6)
Scrolls
 d - 3 scrolls of amnesia {unknown}
 e - 3 scrolls of noise {unknown}
 f - 2 scrolls of enchant weapon {unknown}
 g - 2 scrolls of teleportation {unknown}
 h - a scroll of magic mapping {unknown}
 i - a scroll of silence {unknown}
 n - 3 scrolls of acquirement {unknown}
Potions
 j - a potion of flight {unknown}
 m - a potion of heal wounds


   Skills:
 * Level 5.7 Fighting
 * Level 5.2 Axes
 - Level 3.0 Dodging
 * Level 5.7 Shields


You had 6 spell levels left.
You didn't know any spells.
Your spell library contained the following spells:

 Spells                   Type           Power      Damage    Failure   Level
 Cause Fear               Hex            0%         N/A       100%        4
 Silence                  Hex/Air        0%         N/A       100%        5
 Yara's Violent Unravell  Hex/Tmut       0%         3d3       100%        5
 Discord                  Hex            0%         N/A       100%        8


Dungeon Overview and Level Annotations

Branches:
Dungeon (5/15)
 Temple: D:4-7

Altars:
Ashenzari
Cheibriados
Ru
Xom
Yredelemnul
The Shining One

Annotations:
D:5 Blork the orc


Innate Abilities, Weirdness & Mutations

You cannot wear most types of armour.
You are amphibious.
You can wear up to eight rings at the same time.
Your skin changes colour to match your surroundings (Stealth+).
Your rubbery body absorbs attacks. (AC +1, EV +1)
((You are camouflaged near water. (Stealth+)))
You have tentacles for arms and can constrict up to eight enemies at once.


Message History

You constrict Blork the orc. Blork the orc casts a spell at you.
The puff of flame hits you. You resist.
* * * LOW HITPOINT WARNING * * *
You release your grip on Blork the orc.
Blork the orc zaps a wand.
The puff of flame hits you. You resist.
* * * LOW HITPOINT WARNING * * *
You block the jelly's attack.
Blork the orc gestures wildly while chanting.
Blork the orc seems to speed up.
Aiming: Paralyse
Press: ? - help, Shift-Dir - straight line, f - jelly
Aim: a jelly (chance to affect: 54%)
Okay, then.
Blork the orc looks satisfied for a moment.
Blork the orc miscasts a cantrip.
Blork the orc casts a cantrip, but nothing happens.
Blork the orc screams, "I'll rip your head off!"
Blork the orc looks encouraged for a moment.
Blork the orc screams, "I don't like you!"
Blork the orc looks braver for a moment.
Blork the orc screams, "Die!"
Blork the orc screams, "I'll cover the dungeon with your blood!"
Blork the orc casts a spell at you. You block the puff of frost.
Blork the orc points at you and mumbles some strange words.
The puff of frost hits you.
* * * LOW HITPOINT WARNING * * *
Blork the orc points at you and mumbles some strange words.
The puff of flame hits you. You resist.
* * * LOW HITPOINT WARNING * * *
You block the jelly's attack.
There is an escape hatch in the ceiling here.
Blork the orc casts a spell at you. The puff of flame hits you. You resist.
* * * LOW HITPOINT WARNING * * *
Blork the orc zaps a wand.
The puff of flame hits you. You resist.
* * * LOW HITPOINT WARNING * * *
Blork the orc zaps a wand.
The puff of flame hits you. You resist.
You die...

######.#.#(##.....>.###.##
.......#.#.##...###.##≈≈≈.
####.#..##...# ###≈≈≈≈≈
#...###..<...####_≈≈†≈≈
#.##.#..##......##≈≈≈≈≈
#.###.#.##..####.##≈≈≈.
#.###.#.##..# #.######
#.....#.##..# #.#
#.....@.##..# #.#
#..o######..# #.#
#.<.........# #.#
##..#######. #.######
.######..# #.##....
.........###### #.##.###
#######........ #....#
#..###### ###..# #..# #..#


You could see Blork the orc (fast).

Vanquished Creatures
  Grinder (D:3)
  A water moccasin (D:5)
  A scorpion (D:4)
  A water moccasin zombie (D:5)
  An orc priest (D:4)
  Ijyb (D:5)
  An orc wizard (D:4)
  A hound skeleton (D:4)
  Robin (D:3)
  A howler monkey zombie (D:5)
  3 gnolls (D:2)
  10 adders
  An ufetubus (D:5)
  4 worms (D:2)
  2 dart slugs
  7 orcs
  8 endoplasms
  3 giant cockroaches (D:1)
  13 goblins
  9 hobgoblins
  4 jackals (D:3)
  12 kobolds
  5 quokkas
  7 ball pythons
  10 bats
  4 frilled lizards
  2 rats
114 creatures vanquished.

Notes
Turn   | Place    | Note
-------+----------+-------------------------------------------
     0 | D:1      | Zeld the Octopode Fighter began the quest for the Orb.
     0 | D:1      | Reached XP level 1. HP: 16/16 MP: 1/1
   184 | D:1      | Reached XP level 2. HP: 21/21 MP: 2/2
   214 | D:1      | Found a faded altar of an unknown god.
   911 | D:1      | Reached XP level 3. HP: 26/26 MP: 3/3
  1746 | D:2      | Reached XP level 4. HP: 10/32 MP: 4/4
  2533 | D:2      | Reached XP level 5. HP: 28/37 MP: 5/5
  3298 | D:3      | Noticed Grinder
  3625 | D:3      | Killed Grinder
  3626 | D:3      | Reached XP level 6. HP: 42/45 MP: 6/6
  3658 | D:3      | Found a sacrificial altar of Ru.
  3666 | D:3      | Noticed Robin
  4003 | D:3      | Found a broken altar of Ashenzari.
  4140 | D:3      | Killed Robin
  4424 | D:4      | Found a shimmering altar of Xom.
  4445 | D:4      | Reached skill level 5 in Shields
  4480 | D:4      | Found a basalt altar of Yredelemnul.
  4595 | D:4      | Reached skill level 5 in Fighting
  4595 | D:4      | Reached XP level 7. HP: 50/50 MP: 7/7
  4623 | D:4      | HP: 2/50 [poisoned by a scorpion]
  5311 | D:4      | Found a glowing golden altar of the Shining One.
  6243 | D:5      | Entered Level 5 of the Dungeon
  6525 | D:5      | Reached skill level 5 in Axes
  6867 | D:5      | Found a snail-covered altar of Cheibriados.
  6937 | D:5      | Noticed Ijyb
  6951 | D:5      | Killed Ijyb
  7023 | D:5      | Noticed Blork the orc
  7073 | D:5      | HP: 1/51 [Blork the orc/puff of flame (2)]
  7074 | D:5      | Killed from afar by Blork the orc

Illustrated notes

Levels and vault maps discovered:
D:1:      minmay_arrival_shattered_statue, layout_loops_corners,
          ebering_ecumenical_altar_petrified
D:2:      minmay_razor_zed, layout_basic
D:3:      layout_basic, nicolae_ru_awakened_eye, ashenzari_altar_1,
          uniq_grinder, uniq_robin
D:4:      layout_basic, kennysheep_mini, nicolae_tso_swordbearing_angel,
          nicolae_overflow_hidden_temple, minmay_ruptured
D:5:      layout_loops_ring, kennysheep_slug_shrine, uniq_ijyb,
          uniq_blork_the_orc

Skill      XL: |  1  2  3  4  5  6  7 |
---------------+----------------------+-----
Axes           | 3 4 5 |  5.2
Shields        | 4 5 |  5.7
Fighting       | 4 5 |  5.7
Dodging        | |  3.0

Action                   |  1- 3 |  4- 6 |  7- 9 || total
-------------------------+-------+-------+-------++-------
Melee: War axe           |    50 |   119 |    46 ||   215
       Tentacles         |    12 |    16 |    16 ||    44
       Constrict         |    13 |    37 |    14 ||    64
  Use: Potion            |       |     1 |     2 ||     3
 Stab: Sleeping          |     3 |     7 |     1 ||    11
Armor: Skin              |     6 |    11 |       ||    17
Dodge: Dodged            |    21 |    50 |    23 ||    94
Block: Kite shield       |    25 |    73 |    21 ||   119

Table legend: (Time is in decaauts)
 A = Elapsed time spent in this place.
 B = Non-inter-level travel time spent in this place.
 C = Inter-level travel time spent in this place.
 D = Time resting spent in this place.
 E = Time spent auto-exploring this place.
 F = Levels seen in this place.
 G = Mean time per level.
                   A        B        C        D        E       F      G
               +--------+--------+--------+--------+--------+-----+--------+
         Total |   7193 |   6974 |    219 |   2181 |   3924 |   5 | 1438.6 |
       Dungeon |   7193 |   6974 |    219 |   2181 |   3924 |   5 | 1438.6 |
               +--------+--------+--------+--------+--------+-----+--------+

Top non-repeatable levels by time:
     D:2: 2096 daAuts
     D:4: 1633 daAuts
     D:1: 1411 daAuts
     D:3: 1220 daAuts
     D:5: 832 daAuts
